 Dungeon Crawl Stone Soup version 0.20.0-15-g7f486f2 (webtiles) character file.

113 renl the Grave Robber (level 4, 0/37 HPs)
             Began as a Deep Dwarf Necromancer on July 6, 2017.
             Slain by a worm (2 damage)
             ... on level 2 of the Dungeon.
             The game lasted 00:18:00 (2770 turns).

renl the Grave Robber (Deep Dwarf Necromancer)      Turns: 2770, Time: 00:18:02

Health: 0/37       AC:  9    Str: 13    XL:     4   Next: 65%
Magic:  6/6        EV:  9    Int: 15    God:
Gold:   134        SH:  0    Dex: 13    Spells: 2/6 levels left

rFire    . . .     SeeInvis .   m - +0 war axe
rCold    . . .     Gourm    .   (no shield)
rNeg     . . .     Faith    .   i - +3 scale mail
rPois    .         Spirit   .   (no helmet)
rElec    .         Reflect  .   (no cloak)
rCorr    .         Harm     .   (no gloves)
MR       .....                  (no boots)
Stlth    +.........             (no amulet)
Regen    0.0/turn               (no ring)
MPRegen  0.1/turn               (no ring)

@: non-regenerating
A: damage resistance, heal wounds, sense surroundings 1, no regeneration
a: Heal Wounds


You were on level 2 of the Dungeon.
You were not hungry.

You visited 1 branch of the dungeon, and saw 4 of its levels.

You collected 134 gold pieces.

Inventory:

Hand Weapons
 m - a +0 war axe (weapon)
Armour
 i - a +3 scale mail (worn)
Scrolls
 a - a scroll of blinking {unknown}
 d - a scroll of amnesia {unknown}
 e - 3 scrolls of magic mapping {unknown}
 h - 3 scrolls of identify
 j - a scroll of recharging {unknown}
 n - a scroll of fog
Potions
 g - a potion of brilliance {unknown}
 k - a potion of mutation {unknown}
Books
 b - a book of Necromancy

   Spells                             Type                      Level
   a - Pain                           Necromancy                   1
   b - Animate Skeleton               Necromancy                   1
   c - Vampiric Draining              Necromancy                   3
   d - Regeneration                   Charms/Necromancy            3
   e - Animate Dead                   Necromancy                   4
   f - Control Undead                 Necromancy                   4
Comestibles
 c - 2 bread rations
 f - 2 royal jellies
 l - 3 chunks of flesh


   Skills:
 + Level 0.5 Fighting
 + Level 1.2 Axes
 + Level 0.9 Armour
 + Level 2.2 Dodging
 - Level 2.4 Stealth
 - Level 1.7 Spellcasting
 + Level 6.2 Necromancy


You had 2 spell levels left.
You knew the following spells:

 Your Spells              Type           Power        Failure   Level  Hunger
a - Pain                  Necr           ###.         9%          1    ##.....
b - Vampiric Draining     Necr           ###.......   26%         3    ####...


Dungeon Overview and Level Annotations

Branches:
Dungeon (4/15)
 Temple: D:4-7

Altars:
Kikubaaqudgha


Innate Abilities, Weirdness & Mutations

You are resistant to damage.
You can heal yourself by infusing magical energy.
You passively map a small area around you.
You do not regenerate.


Message History

The worker ant bites you but does no damage.
The worm bites you but does no damage. The howler monkey hits you.
The worker ant bites you.
* * * LOW HITPOINT WARNING * * *
You closely miss the worker ant.
The worker ant is heavily wounded.
You barely miss the howler monkey. You barely miss the worm.
The howler monkey hits you.
* * * LOW HITPOINT WARNING * * *
The worker ant bites you but does no damage.
The worm bites you but does no damage.
The howler monkey hoots and howls with incredible vigour!
The worker ant bites you but does no damage.
You hit the worker ant but do no damage.
The worker ant is heavily wounded.
You hit the howler monkey. You hit the worm.
The howler monkey closely misses you.
The worker ant bites you but does no damage.
The worm bites you.
You die...

#.......#.#.#.#.............
#.......#.#.#...............
####..#.#.#.###.######......
#....#.#...#.# #......
#.##.#.###.#.# #######
#........#(#.#
########.#.#.#######
#h#.#.......# #@#.#######)#
#aw.# #...# ##### #.### #.#
#.# #.# #.# #<########
#.........


You could see a worm, a howler monkey and a worker ant.

Vanquished Creatures
  4 adders (D:2)
  2 oozes
  6 worms
  A dart slug (D:1)
  2 leopard geckos (D:2)
  A giant cockroach (D:2)
  7 goblins
  2 hobgoblins
  A ball python (D:1)
  10 bats
  4 frilled lizards
  10 kobolds
  4 rats
54 creatures vanquished.

Notes
Turn   | Place    | Note
-------+----------+-------------------------------------------
     0 | D:1      | renl the Deep Dwarf Necromancer began the quest for the Orb.
     0 | D:1      | Reached XP level 1. HP: 15/15 MP: 3/3
   354 | D:1      | Reached XP level 2. HP: 14/22 MP: 0/4
   527 | D:1      | Reached skill level 5 in Necromancy
  1173 | D:2      | Reached XP level 3. HP: 13/28 MP: 1/5
  1178 | D:2      | Learned a level 3 spell: Vampiric Draining
  1325 | D:2      | Found an ancient bone altar of Kikubaaqudgha.
  1962 | D:2      | Reached XP level 4. HP: 34/37 MP: 4/6
  2698 | D:2      | Reached skill level 6 in Necromancy
  2722 | D:2      | Reached skill level 1 in Axes
  2770 | D:2      | Slain by a worm

Skill      XL: |  1  2  3  4 |
---------------+-------------+-----
Necromancy     | 5 6 |  6.2
Axes           | 1 |  1.2
Fighting       | |  0.5
Armour         | |  0.9
Dodging        | |  2.2
Stealth        | |  2.4
Spellcasting   | |  1.7

Action                   |  1- 3 |  4- 6 || total
-------------------------+-------+-------++-------
Melee: Unarmed           |    32 |       ||    32
       War axe           |    12 |    48 ||    60
 Cast: Pain              |    58 |     1 ||    59
       Vampiric Draining |    15 |     7 ||    22
  Use: Scroll            |     3 |       ||     3
 Stab: Sleeping          |     1 |       ||     1
  Eat: Chunk             |     6 |     4 ||    10
Armor: Scale mail        |    16 |    42 ||    58
       Robe              |     1 |       ||     1
Dodge: Dodged            |    32 |    46 ||    78
